 Dungeon Crawl Stone Soup version 0.29-a0-100-g60f898f876 (webtiles) character file.

Game seed: 15318374131911149787

4 esteth the Insei (level 1, -1/17 HPs)
             Began as a Djinni Transmuter on Feb 14, 2022.
             Slain by a dart slug (3 damage)
             ... on level 1 of the Dungeon.
             The game lasted 00:00:36 (343 turns).

esteth the Insei (Djinni Transmuter)                 Turns: 343, Time: 00:00:36

Health: -1/17      AC:  2    Str:  9    XL:     1   Next: 66%
Gold:   11         EV:  9    Int: 14    God:
                   SH:  0    Dex: 13

rFire   + + .      SeeInvis .     - Unarmed
rCold   x . .      Faith    .   (no shield)
rNeg    . . .      Spirit   .   a - +0 robe
rPois   ∞          Reflect  .   (helmet currently unavailable)
rElec   .          Harm     .   (no cloak)
rCorr   .          Rampage  .   (no gloves)
Will    .....                   (boots unavailable)
Stlth   +.........              (no amulet)
HPRegen 0.05/turn               (no ring)
MPRegen 0.00/turn               (no ring)

@: appendages (expiring), flying, constricted
A: horns 2, flying, sickness immunity, fire resistance 2, cold vulnerability 1,
float, innate caster, HP casting, extra vitality 1
a: End Transformation


You were on level 1 of the Dungeon.
You had temporarily grown beastly horns.
You visited 1 branch of the dungeon, and saw 1 of its levels.

You collected 11 gold pieces.


Innate Abilities, Weirdness & Mutations

You have temporarily grown beastly horns.
You are flying.
You are immune to sickness and miasma.
You are immune to poison.
Your flesh is very heat resistant. (rF++)
You are vulnerable to cold. (rC-)
You float through the air rather than walking.
You learn spells naturally, not from books.
Your magical power is your life essence.
You have superior vitality. (+4 MHP)


   Skills:
 + Level 1.2 Fighting
 - Level 2.1 Dodging
 + Level 3.1 Unarmed Combat
 + Level 1.6 Spellcasting


You couldn't memorise any spells.
You knew the following spells:

 Your Spells              Type           Power      Damage    Failure   Level
b - Beastly Appendage     Tmut           10%        N/A       12%         1
i - Ice Form              Ice/Tmut       5%         N/A       77%         4
s - Spider Form           Tmut/Pois      5%         N/A       36%         3
w - Wereblood             Tmut           5%         N/A       19%         2
Your spell library was empty.

Inventory:

Armour
 a - a +0 robe (worn)
Scrolls
 b - a scroll of immolation {unknown}

Dungeon Overview and Level Annotations

Branches:
Dungeon (1/15)

Altars:

. .. #####+####>
#.......$.
###.....(.######
......w.S......l
#....@.###.##...
#........)......
#####.##.#.##...
#.†#.# #
#....#.#
##..##.# ##.##.#
#..#.# ##.#.#


You could see a dart slug and a ball python.


Message History

The kobold closely misses you.
You barely miss the kobold. The kobold closely misses you.
You hit the kobold.
You kill the kobold!
No target in view!
No target in view!
Things that are here:
a +0 whip; a kobold corpse You now have 11 gold pieces (gained 7).
Things that are here:
a +0 whip; a kobold corpse A bat comes into view.
The bat moves out of view.
No target in view!
A bat is nearby!
A bat is nearby!
A bat comes into view.
The bat barely misses you.
You miss the bat. The bat barely misses you.
You hit the bat but do no damage. The bat misses you.
The bat hits you but does no damage. The bat completely misses you.
The bat misses you.
You closely miss the bat. The bat closely misses you.
The bat barely misses you. x2
You hit the bat. The bat hits you but does no damage.
The bat closely misses you.
You hit the bat.
You kill the bat!
You hit the bat.
You kill the bat!
No target in view!
No target in view!
No target in view!
Things that are here:
a bat corpse; a bat corpse
b - a scroll labelled ODUENK KERULURE A dart slug and a kobold come into view.
There are monsters nearby!
The kobold shouts!
You hear an angry hiss.
You hit the kobold but do no damage. The kobold misses you.
You hit the kobold but do no damage. The kobold barely misses you.
You hit the kobold but do no damage.
The kobold hits you with a +0 short sword. 😕 HP[-2]
You take 2 damage, and now have 15/17 hp.
You hit the kobold. The kobold hits you but does no damage.
You hit the kobold.
You kill the kobold!
The dart slug launches a dart at you. The slug dart hits you. 😕 HP[-2]
You take 2 damage, and now have 13/17 hp.
A ball python comes into view.
The ball python hisses angrily.
A frilled lizard comes into view.
Found an escape hatch in the floor.
The dart slug misses you. The ball python closely misses you.
The ball python barely misses you.
You hit the dart slug. The ball python bites you.
The ball python barely misses you. The dart slug launches a dart at you.
The slug dart hits you. 😮 HP[-3]
You take 3 damage, and now have 10/17 hp.
You are too injured to fight recklessly!
You are too injured to fight recklessly!
Cast which spell? (? or * to list)
You grow a pair of large bovine horns.
The ball python completely misses you. The ball python grabs you.
The ball python constricts you.
* * * LOW HITPOINT WARNING * * *
😨 HP[-2]
You take 2 damage, and now have 8/17 hp.
You hit the ball python but do no damage.
The ball python closely misses you. The ball python constricts you.
* * * LOW HITPOINT WARNING * * *
The dart slug bites you.
* * * LOW HITPOINT WARNING * * *
😨 HP[-2]
You take 2 damage, and now have 6/17 hp.
You closely miss the ball python. The ball python barely misses you.
The ball python constricts you. The dart slug launches a dart at you.
The slug dart hits you but does no damage.
You hit the dart slug. The ball python barely misses you.
The ball python constricts you. The dart slug bites you.
* * * LOW HITPOINT WARNING * * *
😨 HP[-1]
You take 1 damage, and now have 5/17 hp.
You hit the dart slug but do no damage.
Your transformation is almost over.
The ball python bites you.
* * * LOW HITPOINT WARNING * * *
The ball python constricts you.
* * * LOW HITPOINT WARNING * * *
😱 HP[-3]
You take 3 damage, and now have 2/17 hp.
The ball python's grasp on you weakens, but your attempt to escape fails.
The ball python bites you but does no damage.
The ball python constricts you. The dart slug bites you.
You die...

Action                   || total
-------------------------++-------
Melee: Unarmed           ||    26
 Cast: Beastly Appendage ||     1
Armor: Robe              ||     5
Dodge: Dodged            ||    24

Levels and vault maps discovered:
D:1:      nagdon_arrival_zigzag_paths, layout_basic

Notes
Turn   | Place    | Note
-------+----------+-------------------------------------------
     0 | D:1      | esteth the Djinni Transmuter began the quest for the Orb.
     0 | D:1      | Reached XP level 1. HP: 17/17 MP: 0/0
     0 | D:1      | magus.rc [v1.11.3]
   342 | D:1      | HP: 3/17 [ball python (2)]
   343 | D:1      | Slain by a dart slug

Vanquished Creatures
  An endoplasm (D:1)
  2 bats (D:1)
  2 kobolds (D:1)
5 creatures vanquished.

Table legend:
 A = Non-vault XP
 B = Vault XP
 C = Vault XP percentage of total XP
 D = Non-vault monster count
 E = Vault monster count
 F = Vault count percentage of total count
                 A         B        C        D         E       F
            +---------+---------+-------+---------+---------+-------
      Total |       6 |       0 |   0.0 |       5 |       0 |   0.0
            +---------+---------+-------+---------+---------+-------
        D:1 |       6 |       0 |   0.0 |       5 |       0 |   0.0
            +---------+---------+-------+---------+---------+-------

Illustrated notes

Table legend:
 A = Kills in this place as a percentage of kills in entire the game.
 B = Kills by you in this place as a percentage of kills by you in the entire game.
 C = Kills by friends in this place as a percentage of kills by friends in the entire game.
 D = Other kills in this place as a percentage of other kills in the entire game.
 E = Experience gained in this place as a percentage of experience gained in the entire game.
 F = Experience gained in this place divided by the number of levels of this place that you have seen.
                   A       B       C       D       E      F
               +-------+-------+-------+-------+-------+----------------------
         Total | 100.0 | 100.0 |   N/A |   N/A | 100.0 |   6.0
       Dungeon | 100.0 | 100.0 |   N/A |   N/A | 100.0 |   6.0
               +-------+-------+-------+-------+-------+----------------------

Table legend: (Time is in decaauts)
 A = Elapsed time spent in this place.
 B = Non-inter-level travel time spent in this place.
 C = Inter-level travel time spent in this place.
 D = Time resting spent in this place.
 E = Time spent auto-exploring this place.
 F = Levels seen in this place.
 G = Mean time per level.
                   A        B        C        D        E       F      G
               +--------+--------+--------+--------+--------+-----+--------+
         Total |    341 |    341 |      0 |    234 |     59 |   1 |  341.0 |
       Dungeon |    341 |    341 |      0 |    234 |     59 |   1 |  341.0 |
               +--------+--------+--------+--------+--------+-----+--------+

Top non-repeatable levels by time:
     D:1: 341 daAuts
